 Dungeon Crawl Stone Soup version 0.21.1-1-g345015f (console) character file.

2525 tminei the Blocker (level 9, 0/54 HPs)
             Began as a Gargoyle Fighter on July 16, 2018.
             Was a Believer of Dithmenos.
             Killed from afar by an oklob plant (1 damage)
             ... with a splash of acid
             ... on level 6 of the Dungeon.
             The game lasted 00:51:55 (5598 turns).

tminei the Blocker (Gargoyle Fighter)               Turns: 5598, Time: 00:51:56

Health: 0/54       AC: 11    Str: 23    XL:     9   Next: 54%
Magic:  9/9        EV:  7    Int:  8    God:    Dithmenos [**....]
Gold:   276        SH: 12    Dex: 10    Spells: 8/8 levels left

rFire    . . .     SeeInvis .   x - +3 dagger (venom)
rCold    . . .     Gourm    +   c - +1 shield
rNeg     + . .     Faith    .   p - +0 chain mail
rPois    ∞         Spirit   .   j - +1 helmet
rElec    +         Reflect  .   (no cloak)
rCorr    .         Harm     .   (no gloves)
MR       .....                  (no boots)
Stlth    ..........             G - amulet of the gourmand
HPRegen  0.18/turn              (no ring)
MPRegen  0.11/turn              (no ring)

@: corroded, wreathed by umbra
A: negative energy resistance 1, electricity resistance, unbreathing,
petrification resistance, rot immunity, AC +6
a: Shadow Step, Renounce Religion


You were on level 6 of the Dungeon.
You worshipped Dithmenos.
Dithmenos was pleased with you.
You were not hungry.

You visited 1 branch of the dungeon, and saw 6 of its levels.

You collected 276 gold pieces.

Inventory:

Hand Weapons
 t - a +0 flail
 x - a +3 dagger of venom (weapon)
 y - a +3 spear
 F - a +0 whip of electrocution
Missiles
 l - 21 bolts
 w - 10 arrows
 B - 49 stones (quivered)
Armour
 c - a +1 shield (worn)
 j - a +1 helmet (worn)
 p - a +0 chain mail (worn)
 z - a +0 robe
Magical Staves
 D - an uncursed staff of power
Jewellery
 G - an amulet of the gourmand (around neck)
Wands
 m - a wand of enslavement (15)
 v - a wand of polymorph (16)
 A - a wand of random effects (31)
Scrolls
 a - a scroll of teleportation {unknown}
 b - a scroll of fog {unknown}
 e - a scroll of random uselessness
 g - a scroll of remove curse
 i - a scroll of immolation {unknown}
 n - a scroll of enchant weapon
 o - a scroll of blinking
 u - 2 scrolls of amnesia
Potions
 d - 2 potions of might
 h - 6 potions of curing
 k - a potion of brilliance
 q - 2 potions of agility
 s - a potion of heal wounds
 E - a potion of flight {unknown}
Books
 C - a book of Debilitation

   Spells                             Type                      Level
   a - Corona                         Hexes                        1
   b - Slow                           Hexes                        2
   c - Inner Flame                    Hexes/Fire                   3
   d - Portal Projectile              Hexes/Translocation          3
   e - Cause Fear                     Hexes                        4
   f - Leda's Liquefaction            Hexes/Earth                  4
Comestibles
 f - 7 rations


   Skills:
 + Level 5.4 Fighting
 + Level 5.5 Short Blades
 + Level 1.8 Maces & Flails
 + Level 3.1 Polearms
 + Level 0.1 Throwing
 + Level 6.7 Armour
 + Level 2.1 Dodging
 + Level 1.8 Stealth
 + Level 8.4 Shields


You had 8 spell levels left.
You didn't know any spells.

Dungeon Overview and Level Annotations

Branches:
Dungeon (6/15)
 Temple: D:4-7

Altars:
Ashenzari
Dithmenos
Fedhas
Hepliaklqana

Shops:
D:4 ([*   D:6 [=

Annotations:
D:1 ss
D:6 exclusion: oklob plant


Innate Abilities, Weirdness & Mutations

You are resistant to torment.
Your stone body is resilient. (AC +6)
You are immune to poison.
You resist negative energy. (rN+)
You are resistant to electric shocks. (rElec)
You can survive without breathing.
You are immune to petrification.
You are immune to rotting.


Message History

The splash of acid hits you! The acid corrodes you!
You are splashed with acid!
The acid burns!
* * * LOW HITPOINT WARNING * * *
You hit the plant but do no damage.
The plant is poisoned.
The oklob plant spits acid at you. The splash of acid hits you!
The acid corrodes you!
You are splashed with acid!
The acid burns!
* * * LOW HITPOINT WARNING * * *
You hit the plant but do no damage. You hit the plant.
The plant looks as sick as possible!
The plant is lightly damaged.
You hit the plant but do no damage.
The plant is lightly damaged.
You hit the plant but do no damage.
The plant is moderately damaged.
You hit the plant but do no damage.
The plant is moderately damaged.
The oklob plant spits acid at you. The splash of acid hits you!
You die... Ї ЇЇЇЇЇЇЇЇЇЇЇЇЇЇ ЇЇ.ЇPPPЇPPPPPPЇPЇ .PPPЇPP.ЇPPP.P.PЇ Ї.P.Ї......@PPЇ PЇPPЇPPP.PPPP...Ї

.P.......PPPPЇЇPЇ
PPЇ..≈≈.≈≈..ЇPPPЇPЇ
Ї...≈≈≈.≈≈≈...PPPPЇ
PP..≈≈≈≈.≈≈≈≈..PPP.ЇЇЇЇЇ
PЇ.≈≈≈≈≈.≈≈≈≈≈.PP.PЇ...Ї
Ї..≈≈≈≈...≈≈≈≈.PPPPЇ...Ї
PЇ.≈≈≈≈._(≈≈≈≈.P.PЇЇ..<Ї
.P.≈≈≈(...≈≈≈≈.PPЇ.Ї...Ї
...≈≈≈≈≈≈≈≈≈≈≈.P.ЇPЇ...Ї


You could see an oklob plant.

Vanquished Creatures
  Pikel (D:5)
  The ghost of Kagorn the Skirmisher, a novice TrFi (D:5)
  A hippogriff (D:5)
  2 water moccasins
  An orc warrior (D:6)
  An ice beast (D:5)
  A slave (D:5)
  2 phantoms
  An ogre (D:4)
  A wyvern skeleton (D:6)
  A scorpion (D:4)
  A crimson imp (D:6)
  A jelly (D:6)
  3 hounds
  3 orc wizards
  2 iguanas (D:5)
  8 worker ants
  A hound skeleton (D:2)
  A gnoll (D:3)
  12 adders
  2 shadow imps
  An ooze (D:1)
  An adder skeleton (D:6)
  5 worms
  2 dart slugs (D:2)
  8 leopard geckos
  21 orcs
  4 bats
  15 goblins
  2 hobgoblins
  12 jackals
  7 kobolds
  2 quokkas
  4 ball pythons
  12 frilled lizards
  A jackal skeleton (D:4)
  A leopard gecko zombie (D:5)
  A rat (D:1)
  2 bushes (D:3)
  2 plants (D:6)
150 creatures vanquished.

Vanquished Creatures (others)
  A slave (D:5)
1 creature vanquished.

Grand Total: 151 creatures vanquished

Notes
Turn   | Place    | Note
-------+----------+-------------------------------------------
     0 | D:1      | tminei the Gargoyle Fighter began the quest for the Orb.
     0 | D:1      | Reached XP level 1. HP: 14/14 MP: 1/1
   120 | D:1      | Reached XP level 2. HP: 16/19 MP: 2/2
   582 | D:1      | Reached XP level 3. HP: 19/23 MP: 3/3
   873 | D:2      | Reached skill level 4 in Shields
  1054 | D:2      | Reached XP level 4. HP: 28/28 MP: 4/4
  1465 | D:2      | Reached skill level 1 in Dodging
  1465 | D:2      | Reached XP level 5. HP: 33/33 MP: 5/5
  1987 | D:3      | Found a shadowy altar of Dithmenos.
  2050 | D:3      | Became a worshipper of Dithmenos the Shadowed
  2144 | D:3      | Reached XP level 6. HP: 16/38 MP: 6/6
  2529 | D:4      | Reached skill level 1 in Maces & Flails
  2794 | D:4      | Found Xifeimuekk's Antique Armour Boutique.
  2866 | D:4      | Reached skill level 5 in Shields
  3164 | D:4      | Reached skill level 1 in Stealth
  3237 | D:4      | Found Toesaa's Weapon Shoppe.
  3328 | D:4      | Reached XP level 7. HP: 44/44 MP: 7/7
  3342 | D:4      | Reached skill level 1 in Short Blades
  3417 | D:4      | Found Vehed's General Store.
  3673 | D:4      | Found a shattered altar of Ashenzari.
  3691 | D:4      | Found a hazy altar of Hepliaklqana.
  3770 | D:5      | Entered Level 5 of the Dungeon
  3878 | D:5      | Noticed a hippogriff
  3899 | D:5      | Killed a hippogriff
  3899 | D:5      | Reached skill level 5 in Armour
  3899 | D:5      | Reached skill level 6 in Shields
  3934 | D:5      | Reached XP level 8. HP: 34/48 MP: 8/8
  4137 | D:6      | Reached * piety under Dithmenos
  4204 | D:5      | Noticed Kagorn's ghost (novice TrFi)
  4263 | D:5      | Killed Kagorn's ghost
  4418 | D:5      | Reached skill level 5 in Fighting
  4488 | D:5      | Reached skill level 7 in Shields
  4603 | D:5      | Reached XP level 9. HP: 54/54 MP: 9/9
  4704 | D:5      | Noticed Pikel
  4719 | D:5      | Killed Pikel
  4719 | D:5      | Reached skill level 5 in Short Blades
  4968 | D:5      | Reached ** piety under Dithmenos
  5164 | D:6      | Reached skill level 8 in Shields
  5196 | D:6      | Found Wiuveosi's Jewellery Shop.
  5393 | D:6      | Found Jykkov's Antique Armour Shoppe.
  5434 | D:6      | Found a blossoming altar of Fedhas.
  5523 | D:6      | Noticed an oklob plant
  5593 | D:6      | HP: 1/54 [acid (13)]
  5598 | D:6      | Killed from afar by an oklob plant

Skill      XL: |  1  2  3  4  5  6  7  8  9 |
---------------+----------------------------+-----
Polearms       | 2 3 |  3.1
Shields        | 4 5 6 7 8 |  8.4
Dodging        | 1 2 |  2.1
Armour         | 4 5 6 |  6.7
Fighting       | 4 5 |  5.4
Maces & Flails | 1 |  1.8
Stealth        | 1 |  1.8
Short Blades   | 2 4 5 |  5.5
Throwing       | |  0.1

Action                   |  1- 3 |  4- 6 |  7- 9 || total
-------------------------+-------+-------+-------++-------
Melee: Trident           |   146 |   122 |       ||   268
       Flail             |       |   128 |       ||   128
       Dagger            |       |    55 |   467 ||   522
       Spear             |       |    17 |       ||    17
       Staff             |       |    16 |       ||    16
       Whip              |       |       |    15 ||    15
Throw: Tomahawk          |       |     3 |     3 ||     6
  Use: Scroll            |     2 |    11 |     2 ||    15
       Potion            |       |       |     2 ||     2
 Stab: Sleeping          |       |     1 |       ||     1
  Eat: Chunk             |       |     2 |    11 ||    13
       Ration            |       |     2 |     1 ||     3
Armor: Scale mail        |    62 |    59 |       ||   121
       Chain mail        |       |   131 |   149 ||   280
       Skin              |       |     1 |       ||     1
       Robe              |       |     2 |       ||     2
Dodge: Dodged            |    46 |    86 |    66 ||   198
Block: Shield            |    66 |   182 |   165 ||   413
